 Dungeon Crawl Stone Soup version 0.30-a0-341-g682706514a (webtiles) character file.

Game seed: 12907268505391821703

25 koil the Ruffian (level 2, 0/24 HPs)
             Began as a Draconian Transmuter on Nov 4, 2022.
             Frozen to death by an endoplasm (2 damage)
             ... on level 2 of the Dungeon.
             The game lasted 00:01:49 (741 turns).

koil the Ruffian (Draconian Transmuter)              Turns: 741, Time: 00:01:49

Health: 0/24       AC:  4    Str: 18    XL:     2   Next: 86%
Magic:  5/5        EV: 16    Int: 13    God:
Gold:   53         SH:  0    Dex: 11    Spells: 4/5 levels left

rFire   . . .      SeeInvis .      - Unarmed
rCold   . . .      Faith    .    (no shield)
rNeg    . . .      Spirit   .    (body armour unavailable)
rPois   .          Reflect  .    (helmet restricted)
rElec   .          Harm     .    (no cloak)
rCorr   .          Rampage  .    (no gloves)
Will    .....                    (no boots)
Stlth   +.........               (no amulet)
HPRegen 0.24/turn                d - +4 ring of evasion
MPRegen 0.09/turn                j - +6 ring of strength

@: no status effects
A: AC +4, unfitting armour, cold-blooded
a: no special abilities


You were on level 2 of the Dungeon.
You visited 1 branch of the dungeon, and saw 2 of its levels.

You collected 53 gold pieces.

Inventory:

Jewellery
 d - a +4 ring of evasion (left hand)
 e - an amulet of faith
 j - a +6 ring of strength (right hand)
Scrolls
 b - a scroll of enchant weapon {unknown}
 c - 3 scrolls of identify {unknown}
 f - 2 scrolls of enchant armour {unknown}
 g - 2 scrolls of fear {unknown}
 i - a scroll of noise {unknown}
Potions
 a - 2 potions of lignification
 h - a potion of might {unknown}
 k - a potion of flight {unknown}


   Skills:
 + Level 1.6 Fighting
 + Level 2.1 Dodging
 + Level 3.2 Unarmed Combat
 + Level 2.2 Spellcasting
 + Level 2.3 Transmutations


You had 4 spell levels left.
You knew the following spells:

 Your Spells              Type           Power      Damage    Failure   Level
a - Beastly Appendage     Tmut           14%        N/A       10%         1

Your spell library contained the following spells:

 Spells                   Type           Power      Damage    Failure   Level
 Wereblood                Tmut           7%         N/A       14%         2
 Spider Form              Tmut/Pois      4%         N/A       43%         3
 Ice Form                 Ice/Tmut       4%         N/A       83%         4


Dungeon Overview and Level Annotations

Branches:
Dungeon (2/15)

Altars:

Shops:
D:1 (


Innate Abilities, Weirdness & Mutations

Your plain brown scales are hard. (AC +4)
You cannot fit into any form of body armour.
You are cold-blooded and may be slowed by cold attacks.


Message History

Your transformation is almost over.
You feel sick. The adder closely misses you. The hobgoblin closely misses you.
You hit the adder. Your headbutt misses the adder.
The adder is heavily wounded.
You feel sick. The adder misses you.
You closely miss the adder. You claw the adder.
Your tail-slap misses the adder.
Your punch misses the adder.
The adder is heavily wounded.
You feel sick. The adder bites you. The hobgoblin hits you.
The hobgoblin misses you. The adder bites you but does no damage.
You are too injured to fight recklessly!
You are too injured to fight recklessly!
You are too injured to fight recklessly!
You are too injured to fight recklessly!
Unknown command.
The hobgoblin attacks as you move away! The hobgoblin closely misses you.
The adder attacks as you move away! The adder misses you.
You feel sick. The hobgoblin hits you.
* * * LOW HITPOINT WARNING * * *
The hobgoblin attacks as you move away!
The hobgoblin hits you but does no damage.
You feel sick.
You are no longer poisoned.
The hobgoblin attacks as you move away! The hobgoblin closely misses you.
The hobgoblin attacks as you move away!
The hobgoblin hits you but does no damage.
The hobgoblin attacks as you move away! The hobgoblin completely misses you.
The endoplasm jiggles.
The hobgoblin attacks as you move away! The hobgoblin hits you.
* * * LOW HITPOINT WARNING * * *
Your horns disappear.
Your talons disappear.
The hobgoblin hits you.
* * * LOW HITPOINT WARNING * * *
The adder closely misses you. The hobgoblin misses you.
The adder closely misses you. The adder bites you.
* * * LOW HITPOINT WARNING * * *
The endoplasm freezes you.
You are frozen.
You die...

#... #....###....
+..!++#....##....# ######
#.........###....# #.....
#.........# #....# #.....
#.........# #....# #.....
#.........###....# #.....
####.......##....# #.....
###....ggJ......######.....
#........S@...<............
#...#####g...............##
#... #....#(..........##
#### ######...........##
#...........##
############## # # #


You could see an adder, an endoplasm, 2 hobgoblins and a goblin.

Vanquished Creatures
  2 dart slugs (D:1)
  4 bats
  An endoplasm (D:1)
  A giant cockroach (D:1)
  A goblin (D:1)
  3 hobgoblins
  2 ball pythons (D:1)
  2 frilled lizards (D:1)
  3 kobolds (D:1)
  2 rats
21 creatures vanquished.

Notes
Turn   | Place    | Note
-------+----------+-------------------------------------------
     0 | D:1      | koil the Draconian Transmuter began the quest for the Orb.
     0 | D:1      | Reached XP level 1. HP: 16/16 MP: 3/3
   101 | D:1      | Reached XP level 2. HP: 23/23 MP: 5/5
   122 | D:1      | You fall into a shaft and drop 1 floor!
   462 | D:1      | Found Tuoginu's Weapon Emporium.
   740 | D:2      | HP: 1/24 [adder (1)]
   741 | D:2      | Frozen to death by an endoplasm

Illustrated notes

Levels and vault maps discovered:
D:1:      eino_arrival_tree_alley, layout_rooms, serial_shops, shop
D:2:      layout_basic

Skill      XL: |  1  2 |
---------------+-------+-----
Dodging        | 2 |  2.1
Fighting       | |  1.6
Unarmed Combat | |  3.2
Spellcasting   | |  2.2
Transmutations | |  2.3

Action                   || total
-------------------------++-------
Melee: Unarmed           ||    55
       Kick              ||     3
       Headbutt          ||     1
       Punch             ||     1
       Tailslap          ||     5
 Cast: Beastly Appendage ||     3
Armor: Skin              ||    27
Dodge: Dodged            ||    38

Table legend: (Time is in decaauts)
 A = Elapsed time spent in this place.
 B = Non-inter-level travel time spent in this place.
 C = Inter-level travel time spent in this place.
 D = Time resting spent in this place.
 E = Time spent auto-exploring this place.
 F = Levels seen in this place.
 G = Mean time per level.
                   A        B        C        D        E       F      G
               +--------+--------+--------+--------+--------+-----+--------+
         Total |    736 |    697 |     39 |      0 |    550 |   2 |  368.0 |
       Dungeon |    736 |    697 |     39 |      0 |    550 |   2 |  368.0 |
               +--------+--------+--------+--------+--------+-----+--------+

Top non-repeatable levels by time:
     D:1: 451 daAuts
     D:2: 285 daAuts
